 Dungeon Crawl Stone Soup version 0.31-a0-216-g22e908daa7 (webtiles) character file.

Game seed: 2395547087410918272

41 qw the Shooter (level 3, -4/21 HPs)
             Began as a Gargoyle Hexslinger on July 2, 2023.
             Slain by Jessica
             ... wielding a +5 club
              (8 damage)
             ... on level 2 of the Dungeon.
             The game lasted 00:00:18 (866 turns).

qw the Shooter (Gargoyle Hexslinger)                 Turns: 866, Time: 00:00:18

Health: -4/21      AC:  5    Str: 11    XL:     3   Next: 52%
Magic:  4/4        EV: 12    Int: 13    God:
Gold:   72         SH:  0    Dex: 14    Spells: 3/4 levels left

rFire   . . .        Y - +1 sling
rCold   . . .        (no shield)
rNeg    + . .        c - +0 robe
rPois   inf          (no helmet)
rElec   +            (no cloak)
rCorr   .            (no gloves)
SInv    .            (no boots)
Will    .....        (no amulet)
Stlth   +            (no ring)
HPRegen 0.23/turn    (no ring)
MPRegen 0.09/turn

%: no passive effects
@: no status effects
A: sickness immunity, AC +3, negative energy resistance 1, electricity
resistance, torment resistance 1, petrification resistance
a: no special abilities


You were on level 2 of the Dungeon.
You visited 1 branch of the dungeon, and saw 2 of its levels.

You collected 72 gold pieces.


Innate Abilities, Weirdness & Mutations

You are immune to sickness and miasma.
Your stone body is resilient. (AC +3)
You are immune to poison.
You resist negative energy. (rN+)
You are resistant to electric shocks. (rElec)
You are resistant to unholy torment.
You are immune to petrification.


   Skills:
 - Level 2.3 Fighting
 + Level 3.2 Ranged Weapons
 - Level 1.5 Dodging
 - Level 1.0 Spellcasting
 - Level 2.6 Hexes


You had 3 spell levels left.
You knew the following spells:

 Your Spells              Type           Power      Damage    Failure   Level
a - Slow                  Hex            28%        N/A       10%         1

Your spell library contained the following spells:

 Spells                   Type           Power      Damage    Failure   Level
 Inner Flame              Hex/Fire       4%         N/A       43%         3
 Portal Projectile        Hex/Tloc       8%         N/A       43%         3
 Cause Fear               Hex            3%         N/A       67%         4

Inventory:

Hand Weapons
 Y - a +1 sling (weapon)
Armour
 c - a +0 robe (worn)
Scrolls
 a - a scroll of teleportation
 b - a scroll of identify
Potions
 d - a potion of ambrosia {unknown}
 e - a potion of curing {unknown}
 f - a potion of heal wounds {unknown}
 h - a potion of lignification {unknown}

Dungeon Overview and Level Annotations

Branches:
Dungeon (2/15)

Altars:

Annotations:
D:2 Jessica, Natasha


Message History

The jackal barely misses you.
Natasha, Servant of Life and Death comes into view.
A kobold comes into view.
It is wielding a +0 short sword of venom.
Jessica mumbles some strange words.
Jessica blinks!
You shoot a sling bullet.
Natasha hisses angrily.
The sling bullet hits the jackal.
You kill the jackal!
The jackal barely misses you.
Natasha stares at you and mumbles some strange words.
You resist with significant effort.
You shoot a sling bullet. The sling bullet hits the jackal!
You kill the jackal!
The bat closely misses you. Jessica hits you with a +5 club.
You shoot a sling bullet.
The sling bullet hits Jessica but does no damage.
The bat hits you but does no damage. Jessica hits you with a +5 club.
You shoot a sling bullet.
The sling bullet closely misses Jessica.
The bat hits you but does no damage. Jessica casts a spell at you.
Pain shoots through your body! The bat hits you but does no damage.
You shoot a sling bullet.
The sling bullet hits Jessica but does no damage.
The bat hits you but does no damage. Jessica hits you with a +5 club.
Natasha wildly gestures.
Natasha glows brightly for a moment.
Natasha mumbles some strange words.
The kobold closely misses you. Jessica barely misses you.
The bat hits you but does no damage.
You shoot a sling bullet. The sling bullet barely misses Jessica.
The bat hits you. The bat hits you but does no damage.
The kobold barely misses you. Jessica hits you with a +5 club.
You shoot a sling bullet. The sling bullet hits Jessica.
Jessica is lightly wounded.
The bat barely misses you. The bat hits you but does no damage.
The cerulean imp barely misses you. Natasha claws you.
Jessica hits you with a +5 club!
You die...

...............
...............
......?........
............%..
...............
.......w5......
......hK@......
.......@.##
.......b..###########
........#............
#####.#######....####
#[ #....# #. #....# #
#.)..#
######+#######....#
#.................#


You could see a worm, Natasha, a cerulean imp (summoned), Jessica, a bat and a
kobold.

Vanquished Creatures
  An adder (D:2)
  A dart slug (D:1)
  An orc (D:2)
  A ball python (D:1)
  3 endoplasms (D:1)
  2 giant cockroaches
  3 goblins
  2 hobgoblins
  3 jackals (D:2)
  2 kobolds
  A quokka (D:1)
  3 bats
  2 rats (D:1)
25 creatures vanquished.

Notes
Turn   | Place    | Note
-------+----------+-------------------------------------------
     0 | D:1      | qw the Gargoyle Hexslinger began the quest for the Orb.
     0 | D:1      | Reached XP level 1. HP: 12/12 MP: 2/2
     0 | D:1      | 0 ||| qw: Version: 0.3-a-40-ge99b1a8
     0 | D:1      | 0 ||| qw: Game counter: 7932
     0 | D:1      | 0 ||| qw: Melee chars always use a shield: true
     0 | D:1      | 0 ||| qw: God list: Okawaru
     0 | D:1      | 0 ||| qw: Allow faded altars: false
     0 | D:1      | 0 ||| qw: Do Orc after clearing Dungeon:15 true
     0 | D:1      | 0 ||| qw: Do second Lair branch before Depths: true
     0 | D:1      | 0 ||| qw: Lair rune preference: random
     0 | D:1      | 0 ||| qw: Goals: Normal
     0 | D:1      | 0 ||| PLANNING D:1-11
     3 | D:1      | Noticed an electric eel
     4 | D:1      | Noticed an electric eel
    76 | D:1      | Found a faded altar of an unknown god.
   197 | D:1      | Reached XP level 2. HP: 16/16 MP: 3/3
   284 | D:1      | Reached skill level 3 in Ranged Weapons
   691 | D:1      | 691 ||| READING 2 scrolls labelled INTYIN WUSM.
   694 | D:1      | 694 ||| READING scroll labelled INNARHEUTU.
   695 | D:1      | 695 ||| DROPPING scroll of poison.
   739 | D:2      | Reached XP level 3. HP: 21/21 MP: 4/4
   855 | D:2      | Noticed Jessica
   859 | D:2      | Noticed Natasha
   866 | D:2      | HP: 4/21 [Natasha (4)]
   866 | D:2      | Slain by Jessica

Levels and vault maps discovered:
D:1:      arrival_aquarium_b, layout_loops_ring,
          shapermc_ecumenical_altar_mp_urbaneastern, hangedman_decor_growths
D:2:      layout_basic, minmay_heptomino_l4, uniq_natasha, uniq_jessica

Skill      XL: |  1  2  3 |
---------------+----------+-----
Ranged Weapons | 3 |  3.2
Fighting       | 2 |  2.3
Dodging        | |  1.5
Spellcasting   | |  1.0
Hexes          | |  2.6

Action                     || total
---------------------------++-------
   Fire: Sling             ||    76
    Use: Scroll            ||     2
 Armour: Robe              ||    22
  Dodge: Dodged            ||    28

Table legend:
 A = Non-vault XP
 B = Vault XP
 C = Vault XP percentage of total XP
 D = Non-vault monster count
 E = Vault monster count
 F = Vault count percentage of total count
                 A         B        C        D         E       F
            +---------+---------+-------+---------+---------+-------
      Total |      41 |      18 |  30.5 |      22 |       3 |  12.0
            +---------+---------+-------+---------+---------+-------
        D:1 |      28 |       0 |   0.0 |      15 |       0 |   0.0
        D:2 |      13 |      18 |  58.1 |       7 |       3 |  30.0
            +---------+---------+-------+---------+---------+-------
